 Dungeon Crawl Stone Soup version 0.29.1-12-g30fa7ad0bf (webtiles) character file.

Game seed: 8623250375486047115

496 H0rd4k the Insei (level 7, -2/46 HPs)
             Began as an Octopode Artificer on Dec 19, 2022.
             Slain by an adder (4 damage)
             ... on level 5 of the Dungeon.
             The game lasted 00:03:05 (4419 turns).

H0rd4k the Insei (Octopode Artificer)               Turns: 4419, Time: 00:03:06

Health: -2/46      AC:  1    Str: 17    XL:     7   Next: 15%
Magic:  11/11      EV: 13    Int: 15    God:
Gold:   201        SH:  0    Dex: 13    Spells: 12/12 levels left

rFire   . . .      SeeInvis .     - Unarmed
rCold   . . .      Faith    .   (no shield)
rNeg    . . .      Spirit   .   (helmet restricted)
rPois   .          Reflect  .   (no amulet)
rElec   .          Harm     .   k - +6 ring of strength
rCorr   .          Rampage  .   (no ring)
Will    .....                   (no ring)
Stlth   +++.......              (no ring)
HPRegen 0.15/turn               (no ring)
MPRegen 0.12/turn               (no ring)
                                (no ring)
                                (no ring)

@: no status effects
A: almost no armour, amphibious, 8 rings, camouflage 1, gelatinous body 1,
(nimble swimmer 1), tentacles
a: no special abilities


You were on level 5 of the Dungeon.
You visited 2 branches of the dungeon, and saw 6 of its levels.

You collected 201 gold pieces.

Inventory:

Missiles
 q - 6 curare-tipped darts (quivered)
 s - 5 poisoned darts
Jewellery
 k - a +6 ring of strength (left tentacle)
 p - an amulet of faith
Wands
 b - a wand of flame (10)
 c - a wand of charming (5)
 d - a wand of iceblast (3)
 m - a wand of digging (4)
Scrolls
 e - 2 scrolls of noise {unknown}
 f - 2 scrolls of enchant armour {unknown}
 g - 4 scrolls of identify {unknown}
 i - 3 scrolls of enchant weapon {unknown}
 l - 2 scrolls of fear {unknown}
 n - 2 scrolls of blinking {unknown}
 o - a scroll of immolation {unknown}
 r - a scroll of teleportation {unknown}
Potions
 a - 2 potions of attraction {unknown}
 h - 2 potions of cancellation {unknown}
 j - a potion of degeneration {unknown}


   Skills:
 * Level 3.6 Fighting
 - Level 2.3 Dodging
 - Level 1.3 Stealth
 + Level 4.9 Unarmed Combat
 * Level 3.0 Spellcasting
 - Level 3.2 Evocations


You had 12 spell levels left.
You didn't know any spells.
Your spell library contained the following spells:

 Spells                   Type           Power      Damage    Failure   Level
 Magic Dart               Conj           8%         1d3       21%         1
 Searing Ray              Conj           4%         2d4       30%         2
 Call Canine Familiar     Summ           2%         N/A       52%         3
 Dazzling Flash           Conj/Hex       4%         N/A       52%         3
 Portal Projectile        Hex/Tloc       4%         N/A       52%         3
 Fulminant Prism          Conj/Hex       1%         3d6       89%         4
 Iskenderun's Mystic Bla  Conj/Tloc      2%         2d3       89%         4
 Leda's Liquefaction      Hex/Erth       1%         N/A       89%         4
 Starburst                Conj/Fire      1%         6d3       100%        6


Dungeon Overview and Level Annotations

Branches:
Dungeon (5/15)             Temple (1/1) D:4

Altars:
Ashenzari
Elyvilon
Fedhas
Hepliaklqana
Makhleb
Nemelex Xobeh
Okawaru
Qazlal
Trog
Uskayaw
Xom
Yredelemnul


Innate Abilities, Weirdness & Mutations

You cannot wear most types of armour.
You are amphibious.
You can wear up to eight rings at the same time.
Your skin changes colour to match your surroundings (Stealth+).
Your rubbery body absorbs attacks. (AC +1, EV +1)
((You are camouflaged when in or above water. (Stealth+)))
You have tentacles for arms and can constrict up to eight enemies at once.


Message History

You tentacle-slap the hound. Your grab misses the hound. You squeeze the hound.
The hound is almost dead.
The hound bites you. The ufetubus hits you. The ufetubus barely misses you.
You closely miss the hound. Your grab misses the hound.
The hound is almost dead.
The hound bites you. The ufetubus hits you. The ufetubus barely misses you.
The hound bites you.
You bludgeon the hound!
You kill the hound!
The ufetubus hits you. x2; The ufetubus barely misses you.
The ufetubus hits you. The adder closely misses you.
Aiming: Charm
Press: ? - help, Shift-Dir - straight line, f - ufetubus
Aim: an ufetubus (chance to affect: 66%)
The ufetubus is charmed.
The adder bites you. The iguana bites your ufetubus!
Your ufetubus dies!
Unknown command.
Aiming: Charm
Press: ? - help, Shift-Dir - straight line, f - adder
Aim: an adder (chance to affect: 66%)
The adder struggles to resist.
The adder barely misses you. The adder completely misses you.
Unknown command.
Aiming: Charm
Press: ? - help, Shift-Dir - straight line, f/p - adder
Aim: an adder (chance to affect: 66%)
The adder struggles to resist.
The iguana bites you!
* * * LOW HITPOINT WARNING * * *
The adder barely misses you.
Unknown command.
Aiming: Charm
Press: ? - help, Shift-Dir - straight line, f - iguana, p - adder
Aim: an iguana (chance to affect: 66%)
The iguana is charmed.
The adder bites you but does no damage.
Unknown command.
Aiming: Charm
Press: ? - help, Shift-Dir - straight line, f - adder, p - iguana
Aim: an adder (chance to affect: 66%)
The adder struggles to resist.
The adder bites you.
You die...

#..# #.
##+###..# #.#
##........ #[#
.........# #.#
.....^..$#..#
.........#.#
.......l..##
:.....†@S..#
............#
######.......#
#........#
#..........
#..........
#.......###
#.......#


You could see an adder (ally target) and a friendly iguana (charmed).

Vanquished Creatures
  An ice beast (D:3)
  A phantom (D:4)
  An orc priest (D:4)
  A hound (D:5)
  An iguana (D:4)
  6 adders
  A gnoll (D:4)
  An ufetubus (D:4)
  3 dart slugs
  8 orcs
  10 bats
  9 endoplasms
  A giant cockroach (D:2)
  8 goblins
  5 hobgoblins
  A quokka (D:3)
  8 ball pythons
  A frilled lizard (D:1)
  7 kobolds
  9 rats
83 creatures vanquished.

Vanquished Creatures (collateral kills)
  A howler monkey (D:4)
  2 orcs (D:4)
  A hobgoblin (D:4)
4 creatures vanquished.

Vanquished Creatures (others)
  An ogre (D:4)
  2 gnolls (D:4)
  An ufetubus (D:5)
4 creatures vanquished.

Grand Total: 91 creatures vanquished

Notes
Turn   | Place    | Note
-------+----------+-------------------------------------------
     0 | D:1      | H0rd4k the Octopode Artificer began the quest for the Orb.
     0 | D:1      | Reached XP level 1. HP: 13/13 MP: 1/1
   508 | D:1      | Reached XP level 2. HP: 11/18 MP: 1/3
   717 | D:1      | Found a faded altar of an unknown god.
   733 | D:1      | Reached skill level 1 in Spellcasting
  1260 | D:2      | Reached XP level 3. HP: 18/24 MP: 4/4
  1264 | D:2      | Reached skill level 1 in Unarmed Combat
  1879 | D:2      | Reached XP level 4. HP: 29/30 MP: 6/6
  2198 | D:3      | Noticed an ice beast
  2206 | D:3      | Killed an ice beast
  2207 | D:3      | Reached skill level 2 in Unarmed Combat
  2207 | D:3      | Reached XP level 5. HP: 13/36 MP: 6/8
  2515 | D:3      | Reached skill level 3 in Unarmed Combat
  2753 | D:3      | Found a sparkling altar of Nemelex Xobeh.
  3465 | D:4      | Reached XP level 6. HP: 42/42 MP: 9/9
  4008 | D:4      | Found a staircase to the Ecumenical Temple.
  4013 | D:4      | Reached skill level 4 in Unarmed Combat
  4038 | D:4      | Reached XP level 7. HP: 22/46 MP: 11/11
  4056 | Temple   | Entered the Ecumenical Temple
  4408 | D:5      | Entered Level 5 of the Dungeon
  4417 | D:5      | HP: 2/46 [iguana (13)]
  4419 | D:5      | Slain by an adder

Illustrated notes

Levels and vault maps discovered:
D:1:      scummos_arrival_checkerplants, layout_rooms,
          hellmonk_ecumenical_altar_arch_garden, serial_forest,
          infiniplex_forest_clump_large, infiniplex_forest_straight_2,
          infiniplex_forest_lined_1, infiniplex_forest_lined_2,
          infiniplex_forest_lined_1, minmay_ruptured
D:2:      layout_rooms
D:3:      layout_loops_ring, nemelex_spade_bored_becter
D:4:      layout_rooms, minmay_temple_entry_large_hall,
          nicolae_concentric_dashed_squares_wild
D:5:      layout_gridville, nicolae_ossuary_entry_false_entrances,
          hangedman_decor_peaks_small, minmay_manual_mail
Temple:   jpeg_temple_clearing

Skill      XL: |  1  2  3  4  5  6 |
---------------+-------------------+-----
Spellcasting   | 1 2 3 |  3.0
Fighting       | 2 3 |  3.6
Unarmed Combat | 1 2 3 4 |  4.9
Dodging        | |  2.3
Stealth        | |  1.3
Evocations     | |  3.2

Action                   |  1- 3 |  4- 6 |  7- 9 || total
-------------------------+-------+-------+-------++-------
Melee: Unarmed           |    73 |   105 |    11 ||   189
       Tentacles         |    16 |    25 |     4 ||    45
       Constrict         |    18 |    28 |     1 ||    47
       Punch             |     2 |     6 |       ||     8
Evoke: Wand              |       |    12 |     5 ||    17
 Stab: Sleeping          |     5 |     7 |       ||    12
       Distracted        |       |     1 |       ||     1
Armor: Skin              |     8 |     8 |     2 ||    18
Dodge: Dodged            |    32 |    64 |    15 ||   111
